 Dungeon Crawl Stone Soup version 0.20.1-1-g8b1a95d (webtiles) character file.

598 Gremour the Sneak (level 7, 0/57 HPs)
             Began as a Green Draconian Monk on Sept 15, 2017.
             Slain by an orc
             ... wielding a +0 hand axe
              (7 damage)
             ... on level 5 of the Dungeon.
             The game lasted 00:18:25 (3064 turns).

Gremour the Sneak (Green Draconian Monk)            Turns: 3064, Time: 00:18:25

Health: 0/57       AC:  6    Str: 14    XL:     7   Next: 17%
Magic:  16/16      EV: 14    Int: 10    God:
Gold:   245        SH:  9    Dex: 15    Spells: 6/6 levels left

rFire    . . .     SeeInvis .   a - +0 falchion
rCold    . . .     Gourm    .   i - +1 buckler
rNeg     . . .     Faith    .   (armour unavailable)
rPois    +         Spirit   .   (helmet restricted)
rElec    .         Reflect  +   (no cloak)
rCorr    .         Harm     .   (no gloves)
MR       .....                  (no boots)
Stlth    +++.......             s - +4 amulet of reflection
Regen    0.2/turn               d - ring of magical power
MPRegen  0.2/turn               (no ring)

@: no status effects
A: breathe noxious fumes, unfitting armour, poison resistance, cold-blooded, AC
+6
a: Breathe Noxious Fumes


You were on level 5 of the Dungeon.
You were very hungry.

You visited 1 branch of the dungeon, and saw 5 of its levels.

You collected 245 gold pieces.

Inventory:

Hand Weapons
 a - a +0 falchion (weapon)
 b - a +1 vampiric dagger
Armour
 i - a +1 buckler (worn)
Jewellery
 d - a ring of magical power (left hand)
 s - a +4 amulet of reflection (around neck)
Scrolls
 k - 2 scrolls of identify
 n - a scroll of fog {unknown}
 p - a scroll of immolation {unknown}
 q - a scroll of remove curse {unknown}
Potions
 r - 2 potions of flight
Comestibles
 c - 7 meat rations
 f - 2 royal jellies
 g - 3 bread rations


   Skills:
 - Level 3.3 Fighting
 - Level 3.4 Long Blades
 + Level 4.2 Dodging
 * Level 5.0 Stealth
 * Level 2.5 Shields
 * Level 3.1 Unarmed Combat


You had 6 spell levels left.
You didn't know any spells.

Dungeon Overview and Level Annotations

Branches:
Dungeon (5/15)
 Temple: D:4-7

Altars:


Innate Abilities, Weirdness & Mutations

You can breathe blasts of noxious fumes.
Your lurid green scales are hard. (AC +6)
You cannot fit into any form of body armour.
Your system is resistant to poisons. (rPois)
You are cold-blooded and may be slowed by cold attacks.


Message History

The centaur skeleton is moderately damaged.
You block the gnoll's attack.
The orc throws a tomahawk of returning.
The tomahawk of returning barely misses you.
A gnoll comes into view.
You see here a tomahawk of returning.
A shadow imp comes into view.
A gnoll comes into view.
The shadow imp shouts!
A gnoll comes into view. It is wielding a spear.
The gnoll moves out of view.
You block the centaur skeleton's attack.
The orc throws a tomahawk of returning.
You reflect the tomahawk of returning off an invisible shield around you!
The tomahawk of returning closely misses the orc.
The centaur skeleton hits you.
* * * LOW HITPOINT WARNING * * *
The centaur skeleton hits you.
* * * LOW HITPOINT WARNING * * *
The orc hits you with a hand axe!
You die...

.............#
..g..........# #
#...#$.......# #.
............#
#.#####g..g.(####
#.......gg(..#
#....5..Oo...#
#.....o..gg..#
+...@ooo.#####
#....Z...#
#........#
#........#
#........#
##########


You could see an ogre, an orc wizard, 6 gnolls, a shadow imp, 4 orcs and a
centaur skeleton.

Vanquished Creatures
  The ghost of reteaz the Cleaver, a novice MiCK of Xom (D:4)
  A centaur skeleton (D:4)
  2 orc priests
  An orc wizard (D:3)
  Jessica (D:2)
  A killer bee zombie (D:4)
  4 adders
  An ooze (D:2)
  2 worms
  4 dart slugs
  3 leopard geckos
  7 orcs
  4 bats
  4 giant cockroaches
  10 hobgoblins
  4 jackals (D:1)
  2 quokkas (D:3)
  4 ball pythons
  5 frilled lizards
  7 goblins
  6 kobolds
  4 rats
78 creatures vanquished.

Notes
Turn   | Place    | Note
-------+----------+-------------------------------------------
     0 | D:1      | Gremour the Draconian Monk began the quest for the Orb.
     0 | D:1      | Reached XP level 1. HP: 19/19 MP: 1/1
   350 | D:1      | Reached XP level 2. HP: 26/26 MP: 2/2
   417 | D:1      | Reached skill level 1 in Unarmed Combat
   418 | D:1      | Reached skill level 2 in Stealth
   864 | D:1      | Reached XP level 3. HP: 29/31 MP: 3/3
  1480 | D:2      | Noticed Jessica
  1504 | D:2      | Killed Jessica
  1504 | D:2      | Reached XP level 4. HP: 30/38 MP: 4/4
  2074 | D:3      | Reached skill level 3 in Stealth
  2481 | D:3      | Reached XP level 5. HP: 25/45 MP: 5/5
  2849 | D:4      | Reached skill level 1 in Shields
  2930 | D:4      | Noticed reteaz's ghost (novice MiCK)
  2946 | D:4      | Reached skill level 4 in Stealth
  2956 | D:4      | Killed reteaz's ghost
  2956 | D:4      | Reached XP level 6. HP: 27/51 MP: 6/6
  2956 | D:4      | Your scales start taking on a lurid green colour.
  2956 | D:4      | Reached XP level 7. HP: 30/57 MP: 7/7
  2956 | D:4      | Gained mutation: Your system is resistant to poisons. (rPois) [Green Draconian growth]
  3021 | D:4      | Reached skill level 5 in Stealth
  3053 | D:5      | Entered Level 5 of the Dungeon
  3064 | D:5      | Slain by an orc

Skill      XL: |  1  2  3  4  5  6  7 |
---------------+----------------------+-----
Dodging        | 3 4 |  4.2
Unarmed Combat | 1 2 3 |  3.1
Stealth        | 2 3 4 5 |  5.0
Shields        | 2 |  2.5
Fighting       | |  3.3
Long Blades    | |  3.4

Action                   |  1- 3 |  4- 6 |  7- 9 || total
-------------------------+-------+-------+-------++-------
Melee: Falchion          |   142 |   130 |    28 ||   300
       Tailslap          |    20 |    13 |     2 ||    35
  Use: Potion            |     1 |     2 |     3 ||     6
       Scroll            |       |     1 |     2 ||     3
 Stab: Sleeping          |     8 |     2 |       ||    10
       Distracted        |       |     1 |       ||     1
  Eat: Chunk             |     1 |     1 |       ||     2
       Bread ration      |       |     1 |       ||     1
Armor: Skin              |    38 |    33 |    43 ||   114
Dodge: Dodged            |   100 |    62 |    24 ||   186
Block: Buckler           |     2 |    31 |    30 ||    63
       Reflection        |       |       |     2 ||     2
       Rpst.: Falchion   |    33 |    21 |     8 ||    62
